 Dungeon Crawl Stone Soup version 0.21.1-1-g345015fe64 (webtiles) character file.

146026 Gargoyl the Severer (level 16, -13/141 HPs)
             Began as a Centaur Abyssal Knight on June 6, 2018.
             Was a High Priest of Lugonu.
             Mangled by a large abomination (26 damage)
             ... on level 1 of the Abyss.
             The game lasted 01:02:30 (40561 turns).

Gargoyl the Severer (Centaur Abyssal Knight)       Turns: 40561, Time: 01:02:30

Health: -13/141    AC: 34    Str: 25 (26) XL:     16   Next: 88%
Magic:  13/26      EV:  7    Int: 11      God:    Lugonu [*****.]
Gold:   2044       SH:  3    Dex: 13      Spells: 15/15 levels left

rFire    + . .     SeeInvis +   r - +8 battleaxe
rCold    + + .     Gourm    .   (shield currently unavailable)
rNeg     + + .     Faith    .   g - +7 chain mail {rPois}
rPois    +         Spirit   .   M - +2 helmet {SInv}
rElec    .         Reflect  +   i - scarf {rC+ rF+}
rCorr    .         Harm     .   q - +1 pair of gloves of Komaysef {Dex+6 SInv}
MR       +....                  d - +4 centaur barding {Stlth+}
Stlth    ..........             v - +3 amulet of reflection
HPRegen  0.33/turn              y - ring "Yphehat" {rN+ Str+3 Slay+3 SInv}
MPRegen  0.20/turn              s - ring of Sovereignty {rN+ Str+3}

@: very quick
A: large, hooves 3, clumsy 2, cold resistance 1, deformed body, deterioration 1,
speed 2, tough skin 3
a: Depart the Abyss, Bend Space, Banish, Corrupt, Enter the Abyss, Renounce
Religion


You were on level 1 of the Abyss.
You worshipped Lugonu.
Lugonu was extremely pleased with you.
You were not hungry.

You visited 4 branches of the dungeon, and saw 27 of its levels.
You visited the Abyss 2 times.
You also visited: Ice Cave.

You collected 3298 gold pieces.
You spent 1254 gold pieces at shops.

Inventory:

Hand Weapons
 r - a +8 battleaxe (weapon)
 t - a +2 battleaxe of pain
 U - a +2 battleaxe
Missiles
 I - 81 tomahawks (quivered)
Armour
 d - a +4 centaur barding of stealth (worn)
 g - a +7 chain mail of poison resistance (worn)
 i - a scarf of resistance (worn)
 q - the +1 pair of gloves of Komaysef (worn) {Dex+6 SInv}
   (You found it on level 4 of the Dungeon)

   It affects your dexterity (+6).
   It lets you see invisible.
 H - a +4 chain mail of positive energy
 M - a +2 helmet of see invisible (worn)
Jewellery
 l - an uncursed ring of protection from cold
 s - the ring of Sovereignty (right hand) {rN+ Str+3}
   (You found it on level 5 of the Dungeon)

   [ring of positive energy]

   It affects your strength (+3).
   It protects you from negative energy.
 v - a +3 amulet of reflection (around neck)
 w - an uncursed ring of protection from fire
 y - the ring "Yphehat" (left hand) {rN+ Str+3 Slay+3 SInv}
   (You found it on level 8 of the Dungeon)

   [ring of see invisible]

   It affects your strength (+3).
   It affects your accuracy and damage with ranged weapons and melee attacks
   (+3).
   It protects you from negative energy.
   It lets you see invisible.
 F - an uncursed ring of resist corrosion
 O - a cursed ring of loudness {unknown}
Wands
 m - a wand of flame (98)
 z - a wand of iceblast (8)
 K - a wand of polymorph (13)
 L - a wand of paralysis (12)
 Q - a wand of scattershot (6)
 R - a wand of acid (7)
 T - a wand of digging (30)
Scrolls
 b - 5 scrolls of teleportation
 h - 13 scrolls of remove curse
 k - 3 scrolls of fear
 p - a scroll of identify
 u - 4 scrolls of fog
 A - a scroll of enchant armour
 N - 4 scrolls of blinking
 P - 2 scrolls of magic mapping
 S - a scroll of holy word {unknown}
Potions
 a - a potion of berserk rage {unknown}
 e - 3 potions of flight
 j - 9 potions of curing
 n - a potion of haste
 o - a potion of invisibility
 C - a potion of cancellation
 E - a potion of brilliance
 J - 2 potions of magic
 Y - a potion of might
Books
 f - a book of Fire

   Spells                             Type                      Level
   a - Ignite Poison                  Fire/Transmutation/Poison    3
   b - Fireball                       Conjuration/Fire             5
   c - Bolt of Fire                   Conjuration/Fire             6
   d - Ring of Flames                 Charms/Fire                  7
   e - Ignition                       Fire                         8
 x - the Tome of the Dusty Volcanoes
   (You found it on level 12 of the Dungeon)

   Spells                             Type                      Level
   a - Stone Arrow                    Conjuration/Earth            3
   b - Leda's Liquefaction            Hexes/Earth                  4
   c - Bolt of Fire                   Conjuration/Fire             6
   d - Iron Shot                      Conjuration/Earth            6
 B - a book of Unlife

   Spells                             Type                      Level
   a - Recall                         Summoning/Translocation      3
   b - Animate Dead                   Necromancy                   4
   c - Borgnjor's Vile Clutch         Necromancy/Earth             5
   d - Death Channel                  Necromancy                   6
   e - Simulacrum                     Ice/Necromancy               6
 G - a book of Misfortune

   Spells                             Type                      Level
   a - Confusing Touch                Hexes                        1
   b - Confuse                        Hexes                        3
   c - Gell's Gravitas                Translocation                3
   d - Petrify                        Transmutation/Earth          4
   e - Metabolic Englaciation         Hexes/Ice                    5
   f - Yara's Violent Unravelling     Hexes/Transmutation          5
Miscellaneous
 D - a box of beasts
Comestibles
 c - 29 rations


   Skills:
 + Level 12.4 Fighting
 + Level 16.6 Axes
 + Level 0.3 Throwing
 * Level 12.4 Armour
 + Level 4.9 Dodging
 * Level 14.4 Invocations
 + Level 0.1 Evocations


You had 15 spell levels left.
You didn't know any spells.

Dungeon Overview and Level Annotations

Branches:
Dungeon (15/15)            Temple (0/1) D:5            Lair (6/6) D:10
  Swamp (0/4) Lair:4        Snake (4/4) Lair:2        Slime (0/5) Lair:5
    Orc (2/2) D:9             Elf (0/3) Orc:2        Vaults (0/5) D:13
 Depths (0/5) D:15

Altars:
Ashenzari
Elyvilon
Fedhas
Gozag
Hepliaklqana
Kikubaaqudgha
Makhleb
Okawaru
Ru
Sif Muna
Wu Jian
Xom
Yredelemnul
Zin
The Shining One
Beogh
Jiyva

Shops:
D:14 [   Orc:2 %*!}?   Snake:1 **:%

Annotations:
Lair:5 exclusion: oklob plant


Innate Abilities, Weirdness & Mutations

You have hooves in place of feet.
Armour fits poorly on your strangely shaped body.
You cover ground very quickly.
You have extremely tough skin. (AC +3)
You are very clumsy. (Dex -4)
Your flesh is cold resistant. (rC+)
Your body sometimes deteriorates upon taking damage.


Message History

To return, you must find a gate leading back.
Killing monsters will force the Abyss to allow you passage.
This branch contains the abyssal rune of Zot.
You feel quite a bit more hungry.
Found a crooked jewelled staff.
You start resting.
You are suddenly pulled into a different region of the Abyss!
The large abomination barely misses you.
Found a shiny scale mail and 18 sling bullets.
Found a corrupted altar of Lugonu.
A large abomination comes into view.
Press: ? - help, Shift-Dir - straight line, f - large abomination
Aim: a large abomination (chance to defeat MR: 27%)
The large abomination easily resists.
You feel somewhat more hungry.
Lugonu is no longer ready to corrupt your weapon.
The large abomination hits you but does no damage.
The large abomination hits you!
* * * LOW HITPOINT WARNING * * *
You feel better. The large abomination hits you!!
You die...

.# #.. .. .##..
##.. .... ....
... ... # #..
..#
#..##..##..##..
........X......
.......@.......
#.[##..##..##..
#.. .# .... ..
.(... ..
#..##.. ._ #..
#.. . .. ...


You could see a large abomination.

Vanquished Creatures
  Saint Roka (Orc:2)
  Rupert (Lair:5)
  6 nagarajas
  2 dire elephants
  Azrael (D:12)
  Snorg (Lair:6)
  The ghost of Artool the Severer, a journeyman HOFi of Trog (Snake:1)
  7 naga warriors
  A hydra (D:12)
  A vault guard (D:13)
  A catoblepas (D:12)
  A merfolk avatar (Lair:6)
  9 two-headed ogres
  2 centaur warriors
  6 anacondas
  4 tengu warriors
  Erica (Lair:2)
  A death yak (IceCv)
  An orc high priest (Orc:2)
  Urug (Lair:2)
  2 naga sharpshooters (Snake:4)
  A salamander mystic (Snake:1)
  A skeletal warrior (D:12)
  5 naga ritualists
  A lindwurm (shapeshifter) (D:15)
  7 orc knights
  5 mana vipers
  2 orc sorcerers
  3 deep elf magi
  13 ugly things
  4 cyclopes
  4 salamanders
  4 manticores
  A wolf spider (D:15)
  9 elephants (Lair:6)
  24 black mambas
  2 guardian serpents
  11 naga magi
  11 spiny frogs
  An ice statue (IceCv)
  A kobold demonologist (D:15)
  An efreet (D:14)
  9 komodo dragons
  4 rime drakes
  A tengu conjurer (D:15)
  7 trolls
  11 polar bears
  3 tyrant leeches (Lair:4)
  4 hornets
  Prince Ribbit (Lair:2)
  2 wind drakes (Lair:6)
  27 blink frogs
  11 slime creatures
  9 hippogriffs
  10 dream sheep
  A vampire (D:12)
  7 wyverns
  A fire elemental (D:12)
  2 wraiths
  62 yaks
  4 basilisks
  Grum (Lair:1)
  3 vampire mosquitoes (D:15)
  13 wargs
  25 nagas
  3 steam dragons
  3 hell hounds (D:12)
  A soldier ant (D:12)
  5 water moccasins
  7 porcupines
  55 orc warriors
  3 sky beasts
  3 black bears
  A hornet zombie (D:10)
  3 necrophages
  5 phantoms
  55 wolves
  3 eyes of draining
  17 ogres
  12 centaurs
  18 crocodiles
  A big kobold (D:12)
  17 bullfrogs
  A water moccasin zombie (D:7)
  A wyvern skeleton (D:12)
  A water moccasin skeleton (D:7)
  3 killer bees (D:13)
  20 wights
  2 howler monkeys
  2 electric eels
  8 crimson imps
  6 centaur zombies
  A bullfrog zombie (D:12)
  8 hounds
  13 orc priests
  4 jellies
  2 quasits
  A gnoll shaman (D:4)
  6 centaur skeletons
  2 iguanas
  2 bullfrog skeletons
  33 orc wizards
  2 worker ants
  4 hound skeletons
  A worker ant zombie (D:8)
  2 howler monkey zombies
  9 gnolls
  12 adders
  3 shadow imps
  3 oozes
  An adder zombie (D:5)
  4 worms
  3 dart slugs
  8 leopard geckos
  109 orcs
  5 giant cockroaches
  7 goblins
  5 hobgoblins
  12 jackals
  6 quokkas
  A ball python (D:2)
  6 bats
  6 frilled lizards
  A giant cockroach zombie (D:5)
  2 kobolds
  A leopard gecko skeleton (D:4)
  2 quokka skeletons
  16 rats
  4 fungi
943 creatures vanquished.

Vanquished Creatures (others)
  Fannar (D:12)
  6 hydras
  An ogre mage (Orc:2)
  A two-headed ogre (Orc:2)
  2 death yaks (IceCv)
  2 polar bears (IceCv)
  7 yaks (IceCv)
  4 wolves (IceCv)
  16 fungi
  23 plants
63 creatures vanquished.

Grand Total: 1006 creatures vanquished

Notes
Turn   | Place    | Note
-------+----------+-------------------------------------------
     0 | Abyss:1  | Gargoyl the Centaur Abyssal Knight began the quest for the Orb.
     0 | Abyss:1  | Reached XP level 1. HP: 19/19 MP: 2/2
    31 | Abyss:2  | Found a corrupted altar of Lugonu.
    53 | Abyss:2  | Noticed a large abomination
    54 | Abyss:2  | Noticed an apocalypse crab
    77 | Abyss:2  | Identified a scroll of acquirement
    82 | D:1      | Escaped the Abyss
    89 | D:1      | Noticed an electric eel
   201 | D:1      | Reached XP level 2. HP: 22/26 MP: 3/3
   206 | D:1      | Reached * piety under Lugonu
   606 | D:1      | Reached skill level 1 in Dodging
   706 | D:1      | Reached XP level 3. HP: 31/31 MP: 4/4
   853 | D:2      | Reached skill level 2 in Axes
   961 | D:2      | Noticed a bullfrog
   983 | D:2      | Killed a bullfrog
   983 | D:2      | Reached XP level 4. HP: 32/40 MP: 4/6
  1014 | D:2      | Reached ** piety under Lugonu
  1123 | D:2      | Reached XP level 5. HP: 43/46 MP: 7/7
  1644 | D:2      | Found a deep blue altar of Sif Muna.
  1729 | D:3      | Found a sacrificial altar of Ru.
  1729 | D:3      | Found an ancient bone altar of Kikubaaqudgha.
  1731 | D:3      | Found an ornate altar of the Wu Jian Council.
  1771 | D:3      | Found a basalt altar of Yredelemnul.
  1812 | D:3      | Reached skill level 3 in Axes
  2285 | D:4      | Got a pair of transparent gloves
  2296 | D:4      | Identified the +1 pair of gloves of Komaysef {Dex+6 SInv} (You found it on level 4 of the Dungeon)
  2521 | D:4      | Found a glowing silver altar of Zin.
  2521 | D:4      | Found a glowing golden altar of the Shining One.
  2522 | D:4      | Found a white marble altar of Elyvilon.
  2670 | D:4      | Reached XP level 6. HP: 51/52 MP: 8/8
  2983 | D:4      | Found a shattered altar of Ashenzari.
  3199 | D:5      | Entered Level 5 of the Dungeon
  3249 | D:5      | Got a shimmering bronze ring
  3256 | D:5      | Identified the ring of Sovereignty {rN+ Str+3} (You found it on level 5 of the Dungeon)
  3290 | D:5      | Reached *** piety under Lugonu
  3296 | D:5      | Reached skill level 4 in Axes
  3324 | D:5      | Reached XP level 7. HP: 58/60 MP: 9/9
  3334 | D:5      | Found a staircase to the Ecumenical Temple.
  3540 | D:5      | Found an iron altar of Okawaru.
  4302 | D:6      | Reached skill level 5 in Axes
  4452 | D:6      | Reached XP level 8. HP: 27/67 MP: 11/11
  4657 | D:6      | Found a shimmering altar of Xom.
  5067 | D:7      | Reached **** piety under Lugonu
  5172 | D:7      | Reached skill level 5 in Fighting
  5172 | D:7      | Reached skill level 5 in Invocations
  5389 | D:7      | Noticed a hippogriff
  5403 | D:7      | Killed a hippogriff
  5403 | D:7      | Reached skill level 6 in Axes
  5589 | D:7      | Noticed a hippogriff
  5596 | D:7      | Killed a hippogriff
  6074 | D:8      | Reached XP level 9. HP: 74/74 MP: 13/13
  6445 | D:8      | Got a coiled ivory ring
  6465 | D:8      | Reached skill level 7 in Axes
  6908 | D:8      | Reached skill level 5 in Armour
  7008 | D:8      | Found a blossoming altar of Fedhas.
  7008 | D:8      | Found a basalt altar of Yredelemnul.
  7173 | D:9      | Paralysed by a hornet for 3 turns
  7452 | D:9      | Noticed a brown ugly thing
  7467 | D:9      | Killed a brown ugly thing
  7518 | D:9      | Noticed a troll
  7829 | D:8      | Killed a troll
  7829 | D:8      | Reached skill level 8 in Axes
  7829 | D:8      | Reached XP level 10. HP: 5/83 MP: 15/15
  8727 | D:9      | Identified the ring "Yphehat" {rN+ Str+3 Slay+3 SInv} (You found it on level 8 of the Dungeon)
  9100 | D:9      | Found a staircase to the Orcish Mines.
  9284 | D:9      | Found a hazy altar of Hepliaklqana.
  9375 | D:9      | Reached ***** piety under Lugonu
  9383 | D:9      | Noticed a two-headed ogre
  9399 | D:9      | Killed a two-headed ogre
  9399 | D:9      | Reached skill level 9 in Axes
 10042 | D:10     | Entered Level 10 of the Dungeon
 10067 | D:10     | Noticed a two-headed ogre
 10077 | D:10     | Killed a two-headed ogre
 10077 | D:10     | Reached XP level 11. HP: 24/91 MP: 15/17
 10670 | D:10     | Noticed a two-headed ogre
 10678 | D:10     | Killed a two-headed ogre
 10678 | D:10     | Reached skill level 10 in Axes
 11066 | D:10     | Found a staircase to the Lair.
 11345 | Lair:1   | Entered Level 1 of the Lair of Beasts
 11480 | Lair:1   | Noticed Grum
 11486 | Lair:1   | Killed Grum
 11576 | Lair:1   | Found a frozen archway.
 11593 | IceCv    | Entered an ice cave
 12327 | IceCv    | Killed a death yak
 12328 | IceCv    | Reached skill level 11 in Axes
 12518 | IceCv    | Killed a death yak
 12752 | IceCv    | Reached XP level 12. HP: 97/101 MP: 18/18
 12835 | IceCv    | Noticed a frost giant
 12835 | IceCv    | Noticed a death yak
 12851 | IceCv    | Killed a death yak
 13368 | Lair:1   | Reached ****** piety under Lugonu
 14595 | Lair:2   | Found a staircase to the Snake Pit.
 14910 | Lair:2   | Noticed Erica
 15059 | Lair:1   | Reached skill level 12 in Axes
 15149 | Lair:2   | Killed Erica
 15190 | Lair:2   | Noticed Urug
 15199 | Lair:2   | Killed Urug
 15315 | Lair:2   | Reached skill level 10 in Invocations
 15434 | Lair:2   | Noticed Prince Ribbit
 15440 | Lair:2   | Killed Prince Ribbit
 16096 | Lair:3   | Reached XP level 13. HP: 78/111 MP: 20/20
 18231 | Lair:4   | Found a staircase to the Swamp.
 18570 | Lair:5   | Noticed Rupert
 18581 | Lair:5   | Killed Rupert
 18581 | Lair:5   | Reached skill level 13 in Axes
 18611 | Lair:5   | Found a viscous altar of Jiyva.
 18611 | Lair:5   | Found a staircase to the Slime Pits.
 19494 | Lair:6   | Entered Level 6 of the Lair of Beasts
 19912 | Lair:6   | Noticed Snorg
 19968 | Lair:6   | Killed Snorg
 20271 | Lair:6   | Noticed a dire elephant
 20478 | Lair:6   | Reached XP level 14. HP: 118/119 MP: 22/22
 20678 | Lair:6   | Reached skill level 10 in Armour
 20890 | Lair:6   | Reached skill level 10 in Fighting
 21243 | Lair:6   | Reached skill level 14 in Axes
 21690 | Lair:6   | Found an ancient bone altar of Kikubaaqudgha.
 23372 | D:12     | Noticed Fannar
 23388 | D:12     | Killed Fannar
 23565 | D:12     | Found a blossoming altar of Fedhas.
 23569 | D:12     | Found a burning altar of Makhleb.
 23569 | D:12     | Found a glowing silver altar of Zin.
 23569 | D:12     | Found an opulent altar of Gozag.
 23602 | D:12     | Noticed Azrael
 23612 | D:12     | Killed Azrael
 23962 | D:12     | Got a brightly glowing iron ring
 24091 | D:12     | Identified the Tome of the Dusty Volcanoes
 24775 | D:13     | Identified the cursed ring of the Firefly {rF+ rC+ Str-3 Dex-5} (You took it off a deep elf mage on level 12 of the Dungeon)
 25494 | D:13     | Found a gate to the Vaults.
 25679 | D:14     | Reached XP level 15. HP: 92/128 MP: 24/24
 25954 | D:14     | Found Cecolot's Antique Armour Emporium.
 25957 | D:14     | Bought a glowing helmet for 150 gold pieces
 25968 | D:14     | Bought a runed helmet for 150 gold pieces
 26430 | D:15     | Entered Level 15 of the Dungeon
 26799 | D:15     | Reached skill level 15 in Axes
 28077 | D:15     | Found a staircase to the Depths.
 28872 | Orc:1    | Entered Level 1 of the Orcish Mines
 29171 | Orc:2    | Entered Level 2 of the Orcish Mines
 29213 | Orc:2    | Found a roughly hewn altar of Beogh.
 30907 | Orc:2    | Gained mutation: You are frail. (-10% HP) [a neqoxec]
 30977 | Orc:2    | Found Hutuock's Food Shoppe.
 30977 | Orc:2    | Found Umevydgha's Assorted Antiques.
 31008 | Orc:2    | Found a roughly hewn altar of Beogh.
 31036 | Orc:2    | Bought a potion of curing for 99 gold pieces
 31113 | Orc:2    | Found a staircase to the Elven Halls.
 31124 | Orc:2    | Noticed Saint Roka
 31140 | Orc:2    | Paralysed by an orc sorcerer for 5 turns
 31731 | Orc:1    | Lost mutation: You are frail. (-10% HP) [potion of mutation]
 31731 | Orc:1    | Gained mutation: Your body sometimes deteriorates upon taking damage. [potion of mutation]
 31731 | Orc:1    | Gained mutation: You are clumsy. (Dex -2) [potion of mutation]
 31731 | Orc:1    | Gained mutation: You are very clumsy. (Dex -4) [potion of mutation]
 31731 | Orc:1    | Gained mutation: Your flesh is cold resistant. (rC+) [potion of mutation]
 31772 | Orc:2    | Killed Saint Roka
 32563 | Orc:2    | Found Coureo's Distillery.
 32563 | Orc:2    | Found Refum's Gadget Boutique.
 32568 | Orc:2    | Bought a potion of heal wounds for 70 gold pieces
 32568 | Orc:2    | Bought a potion of curing for 42 gold pieces
 32568 | Orc:2    | Bought a potion of curing for 42 gold pieces
 32568 | Orc:2    | Bought a potion of curing for 42 gold pieces
 33086 | Orc:2    | Reached XP level 16. HP: 126/139 MP: 26/26
 33392 | Orc:2    | Found Hireyd Jeutz's Magic Scroll Emporium.
 33400 | Orc:2    | Bought 3 scrolls of enchant armour for 382 gold pieces
 33581 | Snake:1  | Entered Level 1 of the Snake Pit
 33584 | Snake:1  | Noticed Artool's ghost (journeyman HOFi)
 33596 | Snake:1  | Killed Artool's ghost
 34269 | Snake:1  | Found Xacumo Sami's Book Emporium.
 34269 | Snake:1  | Found Kautsit's Assorted Antiques.
 34454 | Snake:1  | Found Jerilul's Food Emporium.
 34458 | Snake:1  | Found Qexkavyz's General Store.
 34467 | Snake:1  | Bought a scroll of enchant armour for 277 gold pieces
 34519 | Snake:1  | You fall through a shaft!
 35286 | Snake:2  | Reached skill level 16 in Axes
 39059 | Snake:4  | Entered Level 4 of the Snake Pit
 40559 | Abyss:1  | Found a corrupted altar of Lugonu.
 40560 | Abyss:1  | HP: 3/141 [large abomination (7)]
 40561 | Abyss:1  | Mangled by a large abomination

Skill      XL: |  1  2  3  4  5  6  7  8  9 10 11 12 13 14 15 16 |
---------------+-------------------------------------------------+-----
Dodging        | 1 2 3 4 |  4.9
Axes           | 2 3 4 5 6 8 9 11 12 13 14 15 16 | 16.6
Armour         | 2 3 4 5 6 8 9 10 11 12 | 12.4
Invocations    | 3 4 5 6 8 9 10 11 12 13 14 | 14.4
Fighting       | 4 5 6 7 9 10 11 12 | 12.4
Throwing       | |  0.3
Evocations     | |  0.1

Action                   |  1- 3 |  4- 6 |  7- 9 | 10-12 | 13-15 | 16-18 || total
-------------------------+-------+-------+-------+-------+-------+-------++-------
Melee: Hand axe          |    78 |       |       |       |       |       ||    78
       Kick              |     9 |    36 |    92 |   188 |   418 |   130 ||   873
       War axe           |    13 |   131 |   283 |   136 |       |       ||   563
       Battleaxe         |       |       |       |   352 |  1039 |   370 ||  1761
Throw: Tomahawk          |       |       |       |       |    11 |     1 ||    12
Invok: Depart the Abyss  |     1 |       |       |       |       |       ||     1
       Bend Space        |       |       |       |     2 |       |     1 ||     3
       Banish            |       |       |       |     1 |    14 |     1 ||    16
       Enter the Abyss   |       |       |       |       |       |     1 ||     1
Evoke: Wand              |       |       |     1 |     2 |       |       ||     3
  Use: Scroll            |     2 |    13 |     3 |    15 |     5 |    11 ||    49
       Potion            |       |       |     2 |     5 |    13 |     5 ||    25
 Stab: Sleeping          |     2 |     3 |     2 |       |       |       ||     7
       Petrified         |       |       |       |       |     2 |       ||     2
       Petrifying        |       |       |       |       |     1 |       ||     1
       Invisible         |       |       |       |       |     1 |       ||     1
       Fleeing           |       |       |       |       |       |     1 ||     1
  Eat: Chunk             |       |     5 |     4 |    12 |    10 |     1 ||    32
       Ration            |       |       |     3 |     3 |    12 |     7 ||    25
Armor: Leather armour    |    51 |       |       |       |       |       ||    51
       Ring mail         |    30 |   118 |   228 |    29 |       |       ||   405
       Plate armour      |       |       |       |   218 |       |       ||   218
       Chain mail        |       |       |       |   282 |   887 |   325 ||  1494
Dodge: Dodged            |    60 |    79 |   136 |   164 |   378 |    98 ||   915
Block: Other             |       |       |    45 |    69 |   110 |    44 ||   268
       Reflection        |       |       |       |     1 |    13 |     2 ||    16
